← All builds
Suicide front / Cortex / Economy first / OBSERVED BUILD

Standard suicide front

Cortex Suicide front build order · Supreme Isthmus

The role's baseline economy-first play: fast Bot Lab, early Advanced Metal Extractor, and a Thug/Grunt/Aggravator mix pushed to hold the middle while teching up.

#raid #push · 1209 distinct matches · 198 players · 73% of Cortex Suicide front games · team won 57% of 1290 · Recently observed

HOW TO PLAY IT

Key timing: Bot Lab by 0:39

  1. Open 3 mex, then rush Bot Lab almost immediately.
  2. Finish Bot Lab and start pushing Thug, Grunt, Aggravator.
  3. Send units straight to middle to contest and stop leaks.
  4. Eat the Bot Lab for metal if 32% of games reach that point.
  5. Transition into Advanced Metal Extractor once middle is stable.

Phase by phase

TYPICAL OF ITS 1209 GAMES
  1. 1
  2. 2
  3. 3
PLAY THE OPENING

Follow the example game's first 6:00 step by step: what to build now, what comes next, and where it goes. At 1× it keeps pace with your own game.

  1. 1

    Up to the Bot Lab

    Economy
    • Metal Extractor2Mex
    Order
    1. Bot LabBot Lab after 2 mexdone ~0:35, middle half 0:27–0:45

    By 0:18 in all: 2 mex

    The example game in this phase · 2 steps
    1. Mex ×3
    2. Bot LabBot Labdone 0:45 · typical 0:35
  2. 2

    Bot Lab to 5:00

    Economy
    • Metal Extractor4Mex
    • Wind Turbine3Wind
    Builders
    • Graverobber4 Graverobber
    • Construction Bot3 Con bot
    Army
    • Guard3 Guard
    • Thug16 Thug
    • Grunt3 Grunt
    Other
    • Radar Tower1 Radar Tower

    Some games also: aggravator (38%)

    By 5:00 in all: 5 mex · 3 wind

    The example game in this phase · 31 steps
    1. GraverobberGraverobber
    2. GruntGrunt ×2
    3. GraverobberGraverobber
    4. GruntGrunt ×4
    5. GraverobberGraverobber
    6. ThugThug ×3
    7. Construction BotCon bot ×3
    8. GruntGrunt ×5
    9. Construction BotCon bot
    10. Mex
    11. Construction BotCon bot ×2
    12. Mex
    13. Construction BotCon bot
    14. ThugThug
    15. AggravatorAggravator
    16. ThugThug
    17. Wind
    18. ThugThug
    19. AggravatorAggravator
    20. Wind
    21. ThugThug ×2
    22. Wind
    23. AggravatorAggravator
    24. GraverobberGraverobber
    25. ThugThug
    26. Wind
    27. ThugThug
    28. AggravatorAggravator
    29. Wind
    30. ThugThug ×2
    31. Wind
  3. 3

    5:00 to 10:00

    Economy
    • Metal Extractor1Mex
    • Wind Turbine12Wind
    Builders
    • Construction Turret1 Con turret
    • Graverobber3 Graverobber
    • Construction Bot1 Con bot
    Army
    • Guard1 Guard
    • Thug13 Thug

    Some games also: grunt (48%) · aggravator (41%) · Radar Tower (39%) · energy storage (35%) · Twin Guard (31%)

    By 10:00 in all: 6 mex · 16 wind · 2 con turret

    The example game in this phase · 71 steps
    1. AggravatorAggravator
    2. GraverobberGraverobber
    3. Wind
    4. Construction BotCon bot
    5. Wind
    6. Construction BotCon bot ×2
    7. Wind
    8. Construction BotCon bot
    9. Wind
    10. Construction BotCon bot ×2
    11. Wind
    12. Construction BotCon bot
    13. Mex
    14. ThugThug
    15. Wind
    16. ThugThug
    17. AggravatorAggravator
    18. Wind
    19. ThugThug ×2
    20. AggravatorAggravator
    21. Wind
    22. GraverobberGraverobber
    23. ThugThug
    24. Wind
    25. ThugThug
    26. Mex
    27. AggravatorAggravator
    28. Wind
    29. ThugThug ×2
    30. Wind
    31. GraverobberGraverobber
    32. Wind
    33. GraverobberGraverobber
    34. Wind
    35. GraverobberGraverobber
    36. Wind
    37. GraverobberGraverobber
    38. Converter
    39. ThugThug
    40. Wind
    41. Converter
    42. ThugThug
    43. GruntGrunt ×2
    44. Converter
    45. Wind
    46. GruntGrunt
    47. ThugThug
    48. Converter
    49. ThugThug
    50. Wind
    51. GraverobberGraverobber
    52. Converter
    53. GruntGrunt
    54. Wind
    55. ThugThug
    56. Converter
    57. GruntGrunt
    58. Wind
    59. Converter
    60. GruntGrunt ×3
    61. Wind
    62. ThugThug
    63. GruntGrunt ×3
    64. Wind
    65. ThugThug
    66. Wind
    67. ThugThug
    68. Wind ×2
    69. GraverobberGraverobber
    70. Wind ×2
    71. GruntGrunt

Counts are medians over the build's games: half of them build more, half fewer. The example game is Xsicer's (30 OS, 20/08/2026); pick another.

Team trades

IN AT LEAST 30% OF ITS GAMES

You hand over

Nothing regular.

You get

  • Tidal Generator4 Tidal from Pondfirst at 0:11 · in 70% of games
  • Advanced Construction Bot1 T2 con bot from Geo or Techfirst at 7:52 · in 54% of games

How it plays out

Typical game of this build, running totals by minute

Metal produced

010k20k
0:005:0010:0015:00

metal

Enemy metal destroyed

05k10k
0:005:0010:0015:00

metal

Own metal lost

05k10k
0:005:0010:0015:00

metal

1290 games.

Show as table
ByMetal produced: This buildEnemy metal destroyed: This buildOwn metal lost: This build
1:0032700
2:0094400
3:002037225173
4:003131746635
5:00428615901402
6:00547125992331
7:00665338153327
8:00784346894355
9:00899154155289
10:001024061086156
11:001160066796955
12:001316472047736
13:001465378468447
14:001614784199001
15:001768390979591
WHAT THE NUMBERS SAY

This baseline wins more often than most other roles' standard builds, with early aggression showing in high kills and losses alike.

  • + Team wins 54% of games, best winrate among the roles shown.
  • + First kill lands very early at 2:07 in all games.
  • − Own metal lost is heavy early, 1439 by 5:00.
  • − Enemy destroyed stays close to own losses through 15:00, a costly front.
THE EXAMPLE YOU ARE READING

Xsicer

30.3 OS · 20/08/2026

Open source match ↗

4 received units
179 metal received · 14588 energy received

Allied construction assistance is unknown. Timings are observations, not a promise of solo reproducibility.

Typical milestones

Bot Lab0:35Middle 50%: 0:27–0:45 · n=1285
Advanced Metal Extractor10:03Middle 50%: 9:04–11:18 · n=794

Played most by

XXMACGAMERXX140games of this buildAbyssFalcon83games of this buildrealisticjo76games of this build_Hawkey_69games of this build_X_60games of this build
Standard suicide front · Cortex Suicide front build order · BAR Build Atlas